 Dungeon Crawl Stone Soup version 0.19.0-1-g5985abe (webtiles) character file.

39942 spiff the Carver (level 13, 0/100 HPs)
             Began as a High Elf Skald on Oct 31, 2016.
             Was the Champion of Dithmenos.
             Shot with an arrow by Nessos (25 damage)
             ... on level 5 of the Lair of Beasts on Nov 2, 2016.
             The game lasted 01:47:55 (33717 turns).

spiff the Carver (High Elf Skald)                  Turns: 33717, Time: 01:47:56

Health: 0/100      AC:  8    Str: 16    XL:     13   Next: 71%
Magic:  16/23      EV: 21    Int: 21    God:    Dithmenos [******]
Gold:   1108       SH:  0    Dex: 21    Spells: 4 memorised, 14 levels left

rFire  . . .     SeeInvis .     H - +0 great sword
rCold  + . .     Gourm    .     i - +0 troll leather armour
rNeg   . . .     Faith    .     (shield currently unavailable)
rPois  .         Spirit   .     v - +0 helmet
rElec  .         Reflect  .     (no cloak)
rCorr  .         Harm     .     G - +1 pair of gloves
MR     +....     Rnd*Rage +     (no boots)
Stlth  ++........               (no amulet)
                                j - +5 ring of strength
                                f - +5 ring of intelligence

@: lethally poisoned (0 -> -2), shrouded, regenerating, wreathed by umbra
A: berserk 1, cold resistance 1, sturdy frame 1
a: Shadow Step, Shadow Form, Renounce Religion


You were on level 5 of the Lair of Beasts.
You worshipped Dithmenos.
Dithmenos was exalted by your worship.
You were not hungry.

You visited 4 branches of the dungeon, and saw 21 of its levels.
You also visited: Sewer and Ossuary.

You collected 1108 gold pieces.

Inventory:

Hand Weapons
 w - a +0 shortbow
 F - a +3 falchion
 H - a +0 great sword (weapon)
Missiles
 h - 303 arrows
Armour
 i - a +0 troll leather armour (worn)
 v - a +0 helmet (worn)
 G - a +1 pair of gloves (worn)
 I - a +0 ring mail
Jewellery
 f - a +5 ring of intelligence (left hand)
 j - a +5 ring of strength (right hand)
Wands
 c - a wand of lightning (3/15)
 e - a wand of digging (10/24)
 m - a wand of teleportation (0/9)
 J - a wand of lightning (9/15)
Scrolls
 g - 2 scrolls of enchant armour
 k - 5 scrolls of remove curse
 n - 2 scrolls of amnesia
 s - a scroll of teleportation
 y - 3 scrolls of fog
 z - a scroll of fear
 D - 2 scrolls of identify
Potions
 a - a potion of curing
 b - 2 potions of heal wounds
 q - 8 potions of flight
 r - 2 potions of agility
 t - a potion of cancellation
 u - 2 potions of resistance
 A - 2 potions of magic
 B - 3 potions of haste
 C - a potion of brilliance
 E - a potion of ambrosia
Books
 o - a book of Frost

   Spells                             Type                      Level
   a - Freeze                         Ice                          1
   b - Throw Frost                    Conjuration/Ice              2
   c - Ozocubu's Armour               Charms/Ice                   3
   d - Throw Icicle                   Conjuration/Ice              4
   e - Summon Ice Beast               Ice/Summoning                4
Comestibles
 d - 6 bread rations
 l - 20 chunks of flesh
 p - 3 slices of pizza
 x - 2 meat rations


   Skills:
 + Level 13.7 Fighting
 + Level 13.8 Long Blades
 - Level 10.0 Bows
 - Level 5.0 Armour
 - Level 10.5 Dodging
 - Level 6.3 Spellcasting
 - Level 8.7 Charms


You had 14 spell levels left.
You knew the following spells:

 Your Spells              Type           Power        Failure   Level  Hunger
e - Shroud of Golubria    Chrm/Tloc      ###.......   2%          2    None
q - Song of Slaying       Chrm           #####...     1%          2    None
r - Regeneration          Chrm/Necr      ###.......   8%          3    #......
s - Spectral Weapon       Hex/Chrm       ###.....     8%          3    #......


Dungeon Overview and Level Annotations

Branches:
Dungeon (13/15)            Temple (1/1) D:5            Lair (6/6) D:9
 Shoals (0/4) Lair:3        Snake (0/4) Lair:3        Slime (0/5) Lair:6
    Orc (1/2) D:12
 Vaults: D:13-14

Altars:
Ashenzari
Cheibriados
Dithmenos
Elyvilon
Fedhas
Gozag
Hepliaklqana
Kikubaaqudgha
Makhleb
Nemelex Xobeh
Okawaru
Qazlal
Ru
Sif Muna
Trog
Uskayaw
Vehumet
Xom
Yredelemnul
Zin
The Shining One

Portals:
Trove: D:12 (give +7 demon blade)

Annotations:
D:6 Edmund
D:11 exclusion: downstairs, feelmyfire's ghost, journeyman HOFi
D:12 2 runed doors
Lair:5 Nessos
Orc:1 Gastronok


Innate Abilities, Weirdness & Mutations

You tend to lose your temper in combat.
Your flesh is cold resistant. (rC+)
Your movements are slightly less encumbered by armour. (ER -2)


Message History

Your spectral weapon barely misses the black mamba.
Nessos hits the plant.
The black mamba completely misses you.
Nessos gestures wildly while chanting.
The black mamba bites you!
Nessos blinks!
Nessos blinks!
Nessos wields a runed longbow.
It bursts into flame!
Nessos shoots an arrow.
The arrow hits you!! The arrow burns you!
You are poisoned.
The black mamba misses you.
You slash the black mamba!
The black mamba is heavily wounded.
You feel sick.
Your spectral weapon hits the black mamba!
Nessos shoots an arrow.
The arrow hits you!! The arrow burns you!
You are more poisoned.
The black mamba completely misses your spectral weapon.
The black mamba bites your spectral weapon!
Your spectral weapon shares its damage with you!
* * * LOW HITPOINT WARNING * * *
Nessos shoots an arrow.
The arrow hits you!!
You die...

##.PP###. ####P...##.#
####P#........#### ####
.##P..........#..# ##..### ###
#.............!...####......
##.##............§..c(.##........
......# PP.............##........
..b...# #P.....(@......#.........
.....####......S.....##..........
......#.###....P##....#...P......
...Y....#####.PPP####...##..:....
...#....P# #..§.. #P...#........
.###.Y..P# #......P...#.........
###.#..<.# ..........###.......÷
####...............## ##.......
#.....#........#. #.......


You could see Nessos, a black mamba and a friendly spectral great sword.

Vanquished Creatures
  The ghost of C0ssack the Severer, a journeyman MiBe of Trog (D:12)
  Erolcha (D:10)
  6 death yaks
  An unseen horror (D:11)
  An orc knight (D:12)
  An ugly thing (D:11)
  2 cyclopes
  A manticore (D:11)
  2 black mambas
  6 elephants
  Joseph (D:8)
  The ghost of Juniper the Slasher, a novice HuBe of Trog (D:4)
  A gargoyle (D:12)
  10 spiny frogs
  2 trolls
  4 komodo dragons
  A two-headed ogre (D:9)
  A hornet (D:12)
  4 blink frogs (Lair:4)
  11 hippogriffs
  7 dream sheep (Lair:4)
  6 wraiths
  A spriggan (D:7)
  2 wyverns
  5 basilisks
  44 yaks
  3 vampire mosquitoes
  A steam dragon (D:9)
  A hungry ghost (D:12)
  10 water moccasins
  4 porcupines
  4 black bears
  5 phantoms
  2 ice beasts
  3 sky beasts
  An eye of draining (D:11)
  6 ogres
  The ghost of Kullungy the Shield-Bearer, an amateur MiFi (D:3)
  7 orc warriors
  8 centaurs
  4 wolves (Lair:4)
  10 crocodiles
  3 big kobolds
  2 elf zombies (Ossuary)
  17 bullfrogs
  A wyvern skeleton (D:12)
  8 scorpions
  A water moccasin skeleton (D:8)
  12 killer bees
  11 wights
  9 howler monkeys
  An electric eel (D:10)
  5 crimson imps
  3 bullfrog zombies
  3 centaur zombies
  5 hounds
  5 jellies
  2 bullfrog skeletons
  3 centaur skeletons
  2 human zombies (Ossuary)
  6 orc priests
  15 orc wizards
  A gnoll shaman (D:8)
  7 iguanas
  10 worker ants
  2 killer bee zombies
  2 hound zombies
  2 mummies (Ossuary)
  A howler monkey zombie (D:6)
  15 adders
  6 gnolls
  3 shadow imps
  4 oozes
  5 adder zombies
  An adder skeleton (D:6)
  6 worms
  3 dart slugs
  8 leopard geckos
  61 orcs
  14 bats
  6 giant cockroaches
  11 goblins
  10 hobgoblins
  9 jackals
  5 quokkas
  5 ball pythons
  5 frilled lizards
  A giant cockroach zombie (D:5)
  A goblin zombie (Ossuary)
  9 hobgoblin zombies (Ossuary)
  A jackal skeleton (D:8)
  A jackal zombie (Ossuary)
  25 kobolds
  8 kobold zombies (Ossuary)
  2 leopard gecko skeletons
  A leopard gecko zombie (D:6)
  8 orc zombies (Ossuary)
  A quokka zombie (D:6)
  8 rats
  3 rat zombies (Ossuary)
  A fungus (Lair:4)
579 creatures vanquished.

Vanquished Creatures (others)
  A worker ant (D:10)
  A bush (Lair:2)
  20 fungi
  7 plants
  21 spectral weapons
50 creatures vanquished.

Grand Total: 629 creatures vanquished

Notes
Turn   | Place    | Note
-------+----------+-------------------------------------------
     0 | D:1      | spiff the High Elf Skald began the quest for the Orb.
     0 | D:1      | Reached XP level 1. HP: 14/14 MP: 4/4
   207 | D:1      | Reached XP level 2. HP: 18/20 MP: 6/6
   216 | D:1      | Learned a level 2 spell: Shroud of Golubria
   680 | D:2      | Reached XP level 3. HP: 24/25 MP: 3/7
   976 | D:2      | Learned a level 3 spell: Spectral Weapon
  1416 | D:2      | Reached XP level 4. HP: 23/31 MP: 0/8
  1982 | D:3      | Noticed Kullungy's ghost (amateur MiFi)
  2324 | D:3      | Reached skill level 5 in Long Blades
  2324 | D:3      | Reached XP level 5. HP: 22/37 MP: 1/9
  2328 | D:3      | Gained mutation: You tend to lose your temper in combat. [potion of mutation]
  2328 | D:3      | Gained mutation: Your flesh is cold resistant. (rC+) [potion of mutation]
  2328 | D:3      | Gained mutation: Your movements are slightly less encumbered by armour. (ER -2) [potion of mutation]
  2328 | D:3      | HP: 1/37 [orc wizard/dagger (4)]
  2337 | D:3      | HP: 2/55 [something (1)]
  3932 | D:4      | Reached XP level 6. HP: 21/43 MP: 0/10
  4107 | D:4      | Noticed Juniper's ghost (novice HuBe)
  5062 | D:5      | Entered Level 5 of the Dungeon
  5188 | D:5      | Learned a level 3 spell: Regeneration
  5576 | D:5      | Reached skill level 5 in Fighting
  5619 | D:5      | Reached XP level 7. HP: 50/50 MP: 6/11
  6080 | D:5      | Reached skill level 5 in Charms
  6315 | D:5      | Found a staircase to the Ecumenical Temple.
  6349 | Temple   | Entered the Ecumenical Temple
  6384 | Temple   | Became a worshipper of Dithmenos the Shadowed
  6821 | D:6      | Noticed Edmund
  6860 | D:6      | Found a snail-covered altar of Cheibriados.
  6892 | D:6      | Found a glowing drain.
  7058 | Sewer    | Entered a sewer
  7488 | Sewer    | Reached * piety under Dithmenos
  7749 | D:6      | Reached skill level 5 in Dodging
  7749 | D:6      | Reached XP level 8. HP: 33/55 MP: 2/12
  9452 | D:6      | Reached ** piety under Dithmenos
  9606 | D:6      | Reached XP level 9. HP: 58/61 MP: 5/13
  9981 | D:4      | Killed Juniper's ghost
  9981 | D:4      | Reached skill level 10 in Dodging
 10245 | D:3      | Killed Kullungy's ghost
 10490 | D:7      | Upgraded the game from 0.19-b1-5-gdc9fa9d to 0.19.0
 11187 | D:7      | Learned a level 2 spell: Song of Slaying
 11541 | D:7      | You fall through a shaft for 2 floors!
 11692 | D:9      | Found a staircase to the Lair.
 11693 | D:9      | Noticed a komodo dragon
 11733 | D:9      | Killed a komodo dragon
 12000 | D:8      | Reached *** piety under Dithmenos
 12000 | D:8      | Reached XP level 10. HP: 61/69 MP: 6/14
 12090 | D:8      | Reached skill level 10 in Long Blades
 12107 | D:8      | HP: 5/103 [wraith (8)]
 12414 | D:8      | Found a sand-covered staircase.
 12423 | Ossuary  | Entered an ossuary
 13043 | D:8      | Reached **** piety under Dithmenos
 13099 | D:8      | Noticed Joseph
 13125 | D:8      | Killed Joseph
 13389 | D:8      | Reached skill level 1 in Bows
 14434 | D:8      | Reached skill level 5 in Bows
 14994 | D:9      | Identified Dispater's Papyrus of Earthen Conjuration
 15120 | D:9      | Reached XP level 11. HP: 80/80 MP: 15/15
 15457 | Lair:1   | Entered Level 1 of the Lair of Beasts
 16888 | Lair:1   | Reached skill level 10 in Fighting
 18064 | Lair:1   | Upgraded the game from 0.19.0 to 0.19.0-1-g5985abe
 18867 | Lair:2   | Reached skill level 10 in Bows
 19203 | Lair:2   | Reached skill level 5 in Spellcasting
 21185 | Lair:3   | Reached XP level 12. HP: 80/89 MP: 17/22
 21391 | Lair:3   | Found a staircase to the Shoals.
 21590 | Lair:3   | Found a staircase to the Snake Pit.
 22427 | Lair:4   | Noticed a six-headed hydra
 22545 | Lair:4   | Noticed a death yak
 22545 | Lair:4   | Noticed a death yak
 22546 | Lair:4   | Noticed a death yak
 23310 | Lair:4   | HP: 2/90 [spiny frog (20)]
 23326 | Lair:4   | HP: 2/90 [spiny frog (17)]
 24164 | Lair:5   | Reached skill level 1 in Armour
 24193 | Lair:5   | Noticed a death yak
 24194 | Lair:5   | Noticed a death yak
 24195 | Lair:5   | Noticed a death yak
 24195 | Lair:5   | Noticed a death yak
 24238 | Lair:4   | You fall through a shaft for 2 floors!
 24238 | Lair:6   | Entered Level 6 of the Lair of Beasts
 24485 | Lair:6   | Noticed a death yak
 24613 | Lair:6   | Noticed a six-headed hydra
 24669 | Lair:5   | Noticed a four-headed hydra
 25028 | D:10     | Entered Level 10 of the Dungeon
 25131 | D:10     | Reached ***** piety under Dithmenos
 25383 | D:10     | Noticed Erolcha
 26786 | D:11     | Reached skill level 5 in Armour
 27827 | D:11     | Noticed feelmyfire's ghost (journeyman HOFi)
 28065 | D:10     | Reached XP level 13. HP: 97/97 MP: 23/23
 28724 | D:12     | Noticed C0ssack's ghost (journeyman MiBe)
 29005 | D:12     | Found a runed door.
 29006 | D:12     | Noticed a fire dragon
 29019 | D:12     | Paralysed by a hornet for 3 turns
 29149 | D:12     | Found a runed door.
 29200 | D:12     | Found a staircase to the Orcish Mines.
 29221 | D:12     | Reached ****** piety under Dithmenos
 29259 | D:12     | Noticed a fire dragon
 29345 | D:12     | Found a portal to a secret trove of treasure.
 29677 | D:12     | Killed C0ssack's ghost
 30157 | Orc:1    | Entered Level 1 of the Orcish Mines
 30157 | Orc:1    | Noticed Gastronok
 31429 | D:10     | Killed Erolcha
 33705 | Lair:5   | Noticed Nessos
 33717 | Lair:5   | Shot with an arrow by Nessos

Skill      XL: |  1  2  3  4  5  6  7  8  9 10 11 12 13 |
---------------+----------------------------------------+-----
Long Blades    | 3 4 5 6 7 9 11 13 | 13.8
Fighting       | 3 4 5 6 9 10 12 13 | 13.7
Charms         | 5 8 |  8.7
Dodging        | 5 9 10 | 10.5
Bows           | 6 10 | 10.0
Spellcasting   | 6 |  6.3
Armour         | 5 |  5.0

Action                   |  1- 3 |  4- 6 |  7- 9 | 10-12 | 13-15 || total
-------------------------+-------+-------+-------+-------+-------++-------
Melee: Falchion          |   114 |   212 |   602 |  1886 |   498 ||  3312
       Great sword       |       |       |       |       |   119 ||   119
 Fire: Shortbow          |       |       |     4 |    50 |     5 ||    59
 Cast: Infusion          |     7 |    15 |    36 |     2 |       ||    60
       Shroud of Golubri |     1 |    13 |    28 |    61 |    21 ||   124
       Regeneration      |       |     1 |    19 |    36 |    29 ||    85
       Spectral Weapon   |       |     1 |     4 |    30 |    25 ||    60
       Song of Slaying   |       |       |     2 |    15 |     1 ||    18
Evoke: Wand              |       |       |       |     6 |       ||     6
  Use: Scroll            |       |     9 |     7 |    19 |     2 ||    37
       Potion            |       |     2 |     3 |    10 |     2 ||    17
 Stab: Sleeping          |     1 |     2 |     2 |     2 |     6 ||    13
       Distracted        |       |       |     3 |     8 |     8 ||    19
  Eat: Chunk             |     1 |    16 |    17 |    45 |    10 ||    89
       Bread ration      |       |       |     2 |     1 |     3 ||     6
       Fruit             |       |       |       |     5 |       ||     5
       Beef jerky        |       |       |       |     2 |       ||     2
       Meat ration       |       |       |       |     1 |       ||     1
       Pizza             |       |       |       |       |     1 ||     1
Armor: Leather armour    |    31 |    68 |    73 |    42 |       ||   214
       Skin              |       |    19 |       |       |       ||    19
       Ring mail         |       |       |       |   130 |       ||   130
       Troll leather arm |       |       |       |    17 |    94 ||   111
Dodge: Dodged            |    79 |   151 |   503 |  1564 |   567 ||  2864
       Rpst.: Falchion   |    27 |    42 |   151 |   425 |   107 ||   752
       Great sword       |       |       |       |       |    33 ||    33
